 Dungeon Crawl Stone Soup version 0.29-a0-334-gb41bcbb86e (webtiles) character file.

Game seed: 2372709089146514581

130 Jortsu the Shield-Bearer (level 4, -4/44 HPs)
             Began as a Troll Fighter on Apr 15, 2022.
             Was a Believer of Zin.
             Splashed by a jelly's acid (6 damage)
             ... on level 4 of the Dungeon.
             The game lasted 00:05:34 (2402 turns).

Jortsu the Shield-Bearer (Troll Fighter)            Turns: 2402, Time: 00:05:34

Health: -4/44      AC: -8    Str: 24    XL:     4   Next: 90%
Magic:  3/3        EV:  9    Int:  4    God:    Zin [**....]
Gold:   134        SH:  7    Dex: 11    Spells: 3/3 levels left

rFire   . . .      SeeInvis +   h - +2 mace (venom)
rCold   . . .      Faith    .   c - +0 kite shield
rNeg    . . .      Spirit   .   b - +0 robe
rPois   .          Reflect  .   (helmet restricted)
rElec   .          Harm     .   (no cloak)
rCorr   .          Rampage  .   (gloves unavailable)
Will    .....                   (boots unavailable)
Stlth   +.........              m - amulet of the acrobat
HPRegen 0.94/turn               l - ring of see invisible
MPRegen 0.08/turn               (no ring)

@: corroded
A: large, unfitting armour, claws 3, regeneration 1, shaggy fur 1, tough skin 1
a: Renounce Religion, Recite, Vitalisation, Donate Gold


You were on level 4 of the Dungeon.
You worshipped Zin.
Zin was pleased with you.
You visited 1 branch of the dungeon, and saw 4 of its levels.

You collected 148 gold pieces.
You donated 14 gold pieces to Zin.

Inventory:

Hand Weapons
 a - a +0 flail
 h - a +2 mace of venom (weapon)
 i - a +1 vorpal mace
Armour
 b - a +0 robe (worn)
 c - a +0 kite shield (worn)
Jewellery
 l - a ring of see invisible (left claw)
 m - an amulet of the acrobat (around neck)
Scrolls
 f - a scroll of noise
 g - a scroll of blinking
 p - a scroll of teleportation
Potions
 d - 2 potions of might
 j - 2 potions of curing
 k - a potion of magic
 n - a potion of attraction
 o - a potion of mutation
 q - a potion of heal wounds {unknown}
 t - 2 potions of flight {unknown}


   Skills:
 + Level 2.8 Fighting
 + Level 3.0 Maces & Flails
 + Level 3.0 Dodging
 + Level 0.3 Stealth
 + Level 3.1 Shields


You had 3 spell levels left.
You didn't know any spells.
Your spell library was empty.

Dungeon Overview and Level Annotations

Branches:
Dungeon (4/15)
 Temple: D:4-7

Altars:
Cheibriados
Zin

Shops:
D:1 ::*   D:2 !

Annotations:
D:3 3 runed translucent doors, Bapho's ghost, amateur NaVM


Innate Abilities, Weirdness & Mutations

You are too large for most types of armour.
You have claws for hands.
Your natural rate of healing is unusually fast.
You are covered in fur. (AC +1)
You have tough skin. (AC +1)


Message History

It is a scroll of brand weapon.
Your +2 mace of holy wrath drips with poison.
h - a +2 mace of venom (weapon)
(D) Dungeon
Where to? (Enter - D:3, ? - help)
There is a stone staircase leading down here.
You climb downwards.
There is a stone staircase leading up here.
As you open the door, it creaks loudly!
t - 2 golden potions (gained 1)
You open the door.
There is an open door here.
You open the door.
An adder comes into view.
An adder is nearby!
There is an open door here.
You block the adder's attack.
You thump the adder!
You kill the adder!
A jelly comes into view.
Found a quarterstaff.
The jelly jiggles.
The jelly closely misses you.
You see here 7 gold pieces.
You barely miss the jelly. The jelly hits you.
You are splashed with acid!
You sock the jelly! The acid corrodes you!
Your claws burn!
The jelly is heavily wounded.
The jelly hits you. The acid corrodes you!
You are splashed with acid!
The jelly hits you.
You are splashed with acid!
You hit the jelly but do no damage.
Your claws burn!
The jelly is heavily wounded.
You block the jelly's attack.
You hit the jelly.
Your claws burn!
The jelly is severely wounded.
The jelly hits you.
You are splashed with acid!
* * * LOW HITPOINT WARNING * * *
The jelly hits you.
* * * LOW HITPOINT WARNING * * *
The acid corrodes you!
You are splashed with acid.
You die...

+................#
#.........########
#.........#
#.........#
+.........+
#.........#
..........#
..........#
........@.#
........J.#
..........#
..........#
.........#
.......).#
.........#
#######+##


You could see a jelly.

Vanquished Creatures
  An iguana (D:3)
  Terence (D:2)
  An adder (D:4)
  A worm (D:2)
  3 dart slugs
  An orc (D:3)
  4 ball pythons
  10 endoplasms
  3 giant cockroaches (D:1)
  2 goblins (D:1)
  2 hobgoblins (D:1)
  10 jackals
  A kobold (D:3)
  3 quokkas
  7 bats
  3 frilled lizards
  3 rats
56 creatures vanquished.

Vanquished Creatures (others)
  A demonspawn (D:1)
  A draconian (D:1)
  An octopode (D:1)
  A gargoyle (D:1)
  An elf (D:1)
  A vine stalker (D:1)
  A human (D:1)
  A dwarf (D:1)
  An ogre (D:1)
  A gnoll (D:1)
  An orc (D:1)
  A kobold (D:1)
  4 tentacles (D:1)
16 creatures vanquished.

Grand Total: 72 creatures vanquished

Notes
Turn   | Place    | Note
-------+----------+-------------------------------------------
     0 | D:1      | Jortsu the Troll Fighter began the quest for the Orb.
     0 | D:1      | Reached XP level 1. HP: 22/22 MP: 0/0
     0 | D:1      | Noticed an elf
     0 | D:1      | Noticed an octopode
     0 | D:1      | Noticed a dwarf
     0 | D:1      | Noticed a gargoyle
     0 | D:1      | Noticed a draconian
     0 | D:1      | Noticed a demonspawn
     0 | D:1      | Noticed a kraken
     0 | D:1      | Noticed a human
     0 | D:1      | Noticed an ogre
     0 | D:1      | Noticed a vine stalker
     3 | D:1      | Killed an elf
     7 | D:1      | Killed a vine stalker
     7 | D:1      | Killed an ogre
     8 | D:1      | Killed an octopode
     8 | D:1      | Killed a dwarf
     9 | D:1      | Killed a gargoyle
    10 | D:1      | Killed a human
    11 | D:1      | Killed a demonspawn
    13 | D:1      | Killed a draconian
    54 | D:1      | Reached XP level 2. HP: 9/29 MP: 1/1
   219 | D:1      | Found Menuad's Book Boutique.
   457 | D:1      | Found Vyakor's General Store.
   641 | D:1      | Found Josalast's Book Shop.
   769 | D:1      | Reached XP level 3. HP: 36/36 MP: 2/2
  1051 | D:2      | Found a faded altar of an unknown god.
  1077 | D:2      | Prayed at the altar of an unknown god.
  1077 | D:2      | Became a worshipper of Zin the Law-Giver
  1077 | D:2      | Reached * piety under Zin
  1205 | D:2      | Found a snail-covered altar of Cheibriados.
  1230 | D:2      | Reached ** piety under Zin
  1274 | D:2      | Noticed Terence
  1284 | D:2      | Killed Terence
  1285 | D:2      | Reached XP level 4. HP: 35/44 MP: 3/3
  1501 | D:2      | Found Exacreul's Distillery.
  1924 | D:3      | Noticed an ice beast
  1926 | D:3      | Found a runed translucent gate.
  1927 | D:3      | Found a runed translucent gate.
  1929 | D:3      | Found a runed translucent gate.
  1936 | D:3      | Noticed Bapho's ghost (amateur NaVM)
  2402 | D:4      | HP: 2/44 [jelly (3)]
  2402 | D:4      | Splashed by a jelly's acid

Illustrated notes

Levels and vault maps discovered:
D:1:      nicolae_arrival_kraken_aquarium_a, layout_basic, serial_shops, shop,
          nicolae_shop_advertising_works [nicolae_subvault_shop_adworks],
          nicolae_square_shop
D:2:      layout_loops_cross, serial_shops, shop,
          shapermc_ecumenical_altar_ellora, basic_altar, uniq_terence
D:3:      layout_basic, gammafunk_ghost_split, kennysheep_generic_room_7
D:4:      layout_gridville, saegor_snake_ambush

Skill      XL: |  1  2  3  4 |
---------------+-------------+-----
Maces & Flails | 2 3 |  3.0
Shields        | 3 |  3.1
Dodging        | 3 |  3.0
Fighting       | |  2.8
Stealth        | |  0.3

Action                   |  1- 3 |  4- 6 || total
-------------------------+-------+-------++-------
Melee: Flail             |    47 |       ||    47
       Mace              |    54 |    43 ||    97
  Use: Scroll            |     5 |     6 ||    11
 Stab: Sleeping          |     1 |       ||     1
       Distracted        |     1 |       ||     1
Armor: Robe              |    47 |     8 ||    55
Dodge: Dodged            |    52 |    14 ||    66
Block: Kite shield       |    60 |    17 ||    77

Table legend: (Time is in decaauts)
 A = Elapsed time spent in this place.
 B = Non-inter-level travel time spent in this place.
 C = Inter-level travel time spent in this place.
 D = Time resting spent in this place.
 E = Time spent auto-exploring this place.
 F = Levels seen in this place.
 G = Mean time per level.
                   A        B        C        D        E       F      G
               +--------+--------+--------+--------+--------+-----+--------+
         Total |   2460 |   2415 |     45 |    122 |   1688 |   4 |  615.0 |
       Dungeon |   2460 |   2415 |     45 |    122 |   1688 |   4 |  615.0 |
               +--------+--------+--------+--------+--------+-----+--------+

Top non-repeatable levels by time:
     D:1: 986 daAuts
     D:2: 780 daAuts
     D:3: 645 daAuts
     D:4: 48 daAuts
